 Dungeon Crawl Stone Soup version 0.31-a0-83-gbff143cfd1 (webtiles) character file.

Game seed: 12812074162473395773

10612 slayr the Severer (level 11, -3/102 HPs)
             Began as a Hill Orc Berserker on May 24, 2023.
             Was an Elder of Trog.
             Slain by a two-headed ogre
             ... wielding a +0 dire flail
              (6 damage)
             ... on level 11 of the Dungeon.
             The game lasted 00:22:43 (10404 turns).

slayr the Severer (Hill Orc Berserker)             Turns: 10404, Time: 00:22:44

Health: -3/102     AC: 15    Str: 21    XL:     11   Next: 64%
Magic:  3/3        EV:  5    Int:  7    God:    Trog [****..]
Gold:   776        SH:  0    Dex: 17    Spells: 10/10 levels left

rFire   + . .        a - +8 executioner's axe (antimagic)
rCold   . . .        (shield currently unavailable)
rNeg    . . .        w - +0 crystal plate armour of Bydgh {Dex+3 Slay+2}
rPois   .            l - +1 helmet
rElec   .            (no cloak)
rCorr   .            (no gloves)
SInv    +            (no boots)
Will    ++...        h - amulet of the acrobat Stlth
                     d - ring of protection from fire
HPRegen 1.37/turn    I - ring of see invisible
MPRegen 0.08/turn

%: acrobat
@: strong-willed, corroded, regenerating
A: no striking features
a: Renounce Religion, Berserk, Trog's Hand, Brothers in Arms


You were on level 11 of the Dungeon.
You worshipped Trog.
Trog was greatly pleased with you.
You visited 1 branch of the dungeon, and saw 11 of its levels.
You also visited: Bailey.

You collected 776 gold pieces.

Inventory:

Hand Weapons
 a - a +8 antimagic executioner's axe (weapon)
 b - a +4 flail of protection
 u - a +2 heavy flail
 A - a +4 halberd of electrocution
Missiles
 p - 6 boomerangs (quivered)
 x - 7 javelins
 K - 5 curare-tipped darts
 M - 3 silver javelins
Armour
 l - a +1 helmet (worn)
 w - the +0 crystal plate armour of Bydgh (worn) {Dex+3 Slay+2}
   (You acquired it on level 7 of the Dungeon)

   Dex:       It affects your dexterity (+3).
   Slay:      It affects your accuracy & damage with ranged weapons and melee
   (+2).
Jewellery
 d - a ring of protection from fire (left hand)
 f - a ring of poison resistance
 h - an amulet of the acrobat (around neck)
 o - a ring of protection from fire
 D - a ring of fire
 I - a ring of see invisible (right hand)
 J - a ring of ice
Wands
 m - a wand of roots (23)
 n - a wand of paralysis (8)
 r - a wand of mindburst (9)
 s - a wand of digging (13)
 z - a wand of quicksilver (14)
 B - a wand of flame (27)
Scrolls
 i - 5 scrolls of teleportation
 y - 3 scrolls of fog
 E - a scroll of butterflies
 H - a scroll of enchant armour
 L - 2 scrolls of poison
Potions
 c - 5 potions of curing
 e - 5 potions of heal wounds
 g - 6 potions of brilliance
 j - 4 potions of resistance
 k - 3 potions of haste
 q - 4 potions of lignification
 t - 2 potions of enlightenment
 v - 2 potions of mutation
 C - a potion of cancellation {unknown}
 F - 3 potions of magic
 G - a potion of invisibility {unknown}


   Skills:
 + Level 11.5 Fighting
 * Level 16.9 Axes
 - Level 5.0 Armour
 - Level 5.0 Dodging
 - Level 5.0 Evocations


You had 10 spell levels left.
You didn't know any spells.
Your spell library was empty.

Dungeon Overview and Level Annotations

Branches:
Dungeon (11/15)            Temple (0/1) D:4            Lair (0/5) D:11
    Orc (0/2) D:9          Bailey (visited)

Altars:
Dithmenos
Elyvilon
Ru
Vehumet
Xom


Message History

Trog accepts your kill.
Trog appreciates your killing of a magic user.
You barely miss something. Something hits you. Something hits you.
Something hits you!
* * * LOW HITPOINT WARNING * * *
You're wearing all the rings you can.
Remove which one? (? for menu, Esc to cancel) < or
d - a ring of protection from fire; > or
f - a ring of poison resistance You remove your ring of poison resistance.
Something hits you.
* * * LOW HITPOINT WARNING * * *
Reactivating autopickup.
I - a ring of see invisible (right hand)
An unseen horror comes into view.
You closely miss the unseen horror.
The unseen horror is severely wounded.
The unseen horror hits you.
* * * LOW HITPOINT WARNING * * *
Your skin crawls.
You feel strong-willed. The unseen horror barely misses you.
You slice the unseen horror!!
You kill the unseen horror!
Trog accepts your kill.
The two-headed ogre attacks as you move away!
The two-headed ogre completely misses you.
The two-headed ogre hits you with a +0 giant club!
* * * LOW HITPOINT WARNING * * *
The two-headed ogre attacks as you move away!
The two-headed ogre hits you with a +0 dire flail!
* * * LOW HITPOINT WARNING * * *
The two-headed ogre completely misses you.
Your two-headed ogre goes berserk!
Trog will no longer gift you weapons.
The two-headed ogre attacks as you move away!
The two-headed ogre hits you with a +0 dire flail!
* * * LOW HITPOINT WARNING * * *
The two-headed ogre hits you with a +0 giant club.
You die...

..#...#####.############'#
..#...#...#.#............#
..#...#...#.#............#
..'...#...#.#............#
..#...'...#.#....##############
..#...#...#.#....#..# .......
..#...###+#.#'####..####.......
..#..............##.#.#........
###.............@O.#.#..).O....
..............O..##.#.#........
........#######+##..####.......
#.......# #..# .......
#.......# #### #######
#........# #........#
#........# #........#


You could see a two-headed ogre (ally target) and a friendly two-headed ogre
(summoned, berserk).

Vanquished Creatures
  2 two-headed ogres
  Pikel (D:9)
  An ugly thing (D:11)
  A cyclops (D:9)
  Joseph (D:7)
  A gargoyle (D:10)
  An unseen horror (D:11)
  Maggie (D:7)
  2 kobold demonologists (D:11)
  A troll (D:11)
  Grinder (D:4)
  A hornet (D:11)
  Prince Ribbit (D:5)
  3 slime creatures (D:9)
  3 wyverns
  2 basilisks (D:11)
  Eustachio (D:5)
  2 acid dragons
  Edmund (D:6)
  A water moccasin (D:7)
  7 orc warriors
  A swamp drake (D:11)
  A sky beast (D:7)
  An ice beast (D:7)
  An ogre (D:4)
  2 black bears
  4 centaurs
  A phantom (D:6)
  2 kobold brigands (D:11)
  4 bullfrogs
  4 scorpions
  9 killer bees
  5 howler monkeys
  7 hounds
  3 orc priests
  3 jellies
  6 iguanas
  Jessica (D:2)
  2 sleepcaps
  9 orc wizards
  5 adders
  10 gnolls (Bailey)
  2 ufetubi
  2 worms (D:2)
  A dart slug (D:2)
  42 orcs
  7 ball pythons
  7 endoplasms
  4 giant cockroaches
  19 goblins
  9 hobgoblins
  3 jackals (D:2)
  15 kobolds
  5 quokkas
  4 bats
  6 frilled lizards
  6 rats
248 creatures vanquished.

Notes
Turn   | Place    | Note
-------+----------+-------------------------------------------
     0 | D:1      | slayr the Hill Orc Berserker began the quest for the Orb.
     0 | D:1      | Reached XP level 1. HP: 19/19 MP: 1/1
    95 | D:1      | Reached XP level 2. HP: 27/27 MP: 2/2
   333 | D:1      | Reached ** piety under Trog
   460 | D:1      | Reached skill level 5 in Axes
   565 | D:1      | Reached XP level 3. HP: 33/33 MP: 3/3
   769 | D:2      | Reached XP level 4. HP: 41/41 MP: 4/4
   839 | D:2      | Noticed Jessica
   860 | D:2      | Killed Jessica
   861 | D:2      | Reached skill level 6 in Axes
  1606 | D:3      | Reached XP level 5. HP: 47/47 MP: 5/5
  1744 | D:3      | Found a white marble altar of Elyvilon.
  1782 | D:3      | Reached skill level 5 in Fighting
  2358 | D:4      | Reached skill level 7 in Axes
  2358 | D:4      | Reached XP level 6. HP: 49/56 MP: 6/6
  2593 | D:4      | Noticed Grinder
  2600 | D:4      | Paralysed by Grinder for 4 turns
  2605 | D:4      | Killed Grinder
  2606 | D:4      | Reached skill level 8 in Axes
  2606 | D:4      | Reached XP level 7. HP: 33/63 MP: 7/7
  2756 | D:4      | Found a staircase to the Ecumenical Temple.
  2768 | D:4      | Reached skill level 9 in Axes
  2825 | D:4      | Reached skill level 1 in Evocations
  3073 | D:4      | Found a radiant altar of Vehumet.
  3076 | D:4      | Found a shimmering altar of Xom.
  3076 | D:4      | Found a sacrificial altar of Ru.
  3080 | D:4      | Found a shadowy altar of Dithmenos.
  3084 | D:4      | Reached *** piety under Trog
  3805 | D:5      | Entered Level 5 of the Dungeon
  3881 | D:5      | Reached XP level 8. HP: 34/71 MP: 8/8
  4076 | D:5      | Reached skill level 10 in Axes
  4159 | D:5      | Noticed Eustachio
  4174 | D:5      | Killed Eustachio
  4329 | D:5      | Noticed Prince Ribbit
  4351 | D:5      | Killed Prince Ribbit
  4352 | D:5      | Reached skill level 11 in Axes
  4684 | D:6      | Noticed Edmund
  4701 | D:6      | Killed Edmund
  4916 | D:6      | Reached XP level 9. HP: 81/81 MP: 9/9
  5492 | D:7      | Noticed Joseph
  5500 | D:7      | Reached skill level 12 in Axes
  5511 | D:7      | Killed Joseph
  5877 | D:7      | Noticed Maggie
  5890 | D:7      | Killed Maggie
  6628 | D:8      | Reached XP level 10. HP: 90/90 MP: 10/10
  6692 | D:8      | Identified 2 scrolls of acquirement
  6713 | D:7      | Acquired the +0 crystal plate armour of Bydgh {Dex+3
                  | Slay+2}
  6718 | D:7      | Acquired a +7 antimagic executioner's axe
  6783 | D:8      | Reached **** piety under Trog
  6788 | D:8      | Reached skill level 13 in Axes
  6788 | D:8      | Reached skill level 5 in Armour
  7106 | D:8      | Reached skill level 5 in Evocations
  7210 | D:9      | Noticed Pikel
  7212 | D:9      | Killed Pikel
  7251 | D:9      | Found a staircase to the Orcish Mines.
  7253 | D:9      | Noticed a cyclops
  7259 | D:9      | Killed a cyclops
  7268 | D:9      | Reached skill level 14 in Axes
  7365 | D:9      | Noticed a two-headed ogre
  7376 | D:9      | Killed a two-headed ogre
  7377 | D:9      | Reached skill level 10 in Fighting
  7545 | D:9      | Found a flagged portal.
  7556 | Bailey   | Entered a bailey
  8083 | D:9      | Reached skill level 5 in Dodging
  8249 | D:9      | Reached XP level 11. HP: 70/98 MP: 3/11
  8251 | D:9      | Reached skill level 15 in Axes
  8409 | D:9      | Identified the orb of Qazlal's Delight {*channel, rC+++
                  | Regen+ Dex-3 Slay+3}
  8538 | D:10     | Entered Level 10 of the Dungeon
  9415 | D:10     | Noticed a two-headed ogre
  9425 | D:10     | Killed a two-headed ogre
  9889 | D:11     | Reached ***** piety under Trog
  9890 | D:11     | Reached skill level 16 in Axes
 10065 | D:11     | Found a staircase to the Lair.
 10279 | D:11     | Noticed a brown ugly thing
 10286 | D:11     | Killed a brown ugly thing
 10388 | D:11     | Noticed a two-headed ogre
 10404 | D:11     | HP: 3/102 [two-headed ogre/+0 dire flail (10)]
 10404 | D:11     | Slain by a two-headed ogre

Illustrated notes

Levels and vault maps discovered:
D:1:      minmay_arrival_four_circles, layout_rooms, serial_corexii_hall,
          corexii_hall_statues_i, chequers_hall_statues_wall_a
D:2:      layout_rooms, uniq_jessica
D:3:      layout_basic, overflow_temple_1_default, minmay_misc_feat_tiny,
          grunt_decor_mini_mirrors, minmay_misc_feat_x
D:4:      layout_layer_cave, grunt_temple_overflow_open,
          minmay_temple_entry_trees, minmay_stone_trees_large, uniq_grinder
D:5:      layout_cave_pools, uniq_eustachio, uniq_prince_ribbit1
D:6:      layout_cave_pools, kennysheep_generic_room_4, uniq_edmund
D:7:      layout_basic, enter_ossuary_1, uniq_maggie, uniq_joseph
D:8:      layout_cave_pools, dk_rats_in_the_wall
D:9:      layout_gridville, orc_0_dummy, enter_bailey_3, uniq_pikel
D:10:     layout_basic
D:11:     layout_irregular_city, erik_lair_dragon, wad_rectangle_vault

Skill      XL: |  1  2  3  4  5  6  7  8  9 10 11 |
---------------+----------------------------------+-----
Fighting       | 4 5 6 7 8 10 11 | 11.5
Axes           | 5 6 7 8 9 11 12 14 16 | 16.9
Evocations     | 1 3 4 5 |  5.0
Dodging        | 2 3 5 |  5.0
Armour         | 3 4 5 |  5.0

Action                     |  1- 3 |  4- 6 |  7- 9 | 10-12 || total
---------------------------+-------+-------+-------+-------++-------
  Melee: Hand axe          |   104 |    64 |       |       ||   168
         Punch             |     2 |     1 |     4 |       ||     7
         War axe           |       |    77 |   288 |     2 ||   367
         Executioner's axe |       |       |       |   180 ||   180
  Throw: Boomerang         |       |       |     1 |       ||     1
 Invoke: Berserk           |     2 |     4 |     9 |     3 ||    18
         Trog's Hand       |       |       |       |     1 ||     1
         Brothers in Arms  |       |       |       |     1 ||     1
  Evoke: Wand              |       |     2 |     4 |     2 ||     8
    Use: Scroll            |     5 |     5 |     4 |     9 ||    23
         Potion            |       |       |     1 |       ||     1
   Stab: Sleeping          |       |     1 |       |       ||     1
 Armour: Animal skin       |    11 |     8 |       |       ||    19
         Ring mail         |       |    24 |    17 |       ||    41
         Scale mail        |       |       |    15 |       ||    15
         Leather armour    |       |       |    44 |       ||    44
         Swamp dragon scal |       |       |     5 |       ||     5
         Crystal plate arm |       |       |       |   135 ||   135
  Dodge: Dodged            |    61 |    72 |   167 |    81 ||   381

Table legend: (Time is in decaauts)
 A = Elapsed time spent in this place.
 B = Non-inter-level travel time spent in this place.
 C = Inter-level travel time spent in this place.
 D = Time resting spent in this place.
 E = Time spent auto-exploring this place.
 F = Levels seen in this place.
 G = Mean time per level.
                   A        B        C        D        E       F      G
               +--------+--------+--------+--------+--------+-----+--------+
         Total |  10602 |  10148 |    454 |   1609 |   6356 |  12 |  883.5 |
       Dungeon |  10171 |   9717 |    454 |   1504 |   6185 |  11 |  924.6 |
        Bailey |    431 |    431 |      0 |    105 |    171 |   1 |  431.0 |
               +--------+--------+--------+--------+--------+-----+--------+

Top non-repeatable levels by time:
     D:4: 1490 daAuts
     D:7: 1455 daAuts
    D:10: 1304 daAuts
     D:5: 915 daAuts
     D:9: 909 daAuts
     D:3: 890 daAuts
     D:1: 823 daAuts
     D:2: 685 daAuts
     D:6: 581 daAuts
    D:11: 575 daAuts
     D:8: 539 daAuts
  Bailey: 431 daAuts
